 Dungeon Crawl Stone Soup version 0.27-a0-223-ge082b6e869 (webtiles) character file.

Game seed: 17361302108527059382

41 KristoblXynda the Skirmisher (level 3, -3/33 HPs)
             Began as a Draconian Fighter on Feb 1, 2021.
             Slain by an orc
             ... wielding a +0 war axe
              (11 damage)
             ... on level 2 of the Dungeon.
             The game lasted 00:01:44 (1289 turns).

KristoblXynda the Skirmisher (Draconian Fighter)    Turns: 1289, Time: 00:01:44

Health: -3/33      AC:  5    Str: 18    XL:     3   Next: 32%
Magic:  3/3        EV: 10    Int: 15    God:
Gold:   98         SH:  9    Dex: 10    Spells: 2/2 levels left

rFire    . . .     SeeInvis .   a - +0 long sword
rCold    . . .     Faith    .   b - +0 kite shield
rNeg     . . .     Spirit   .   (armour unavailable)
rPois    .         Reflect  .   (helmet restricted)
rElec    .         Harm     .   (no cloak)
rCorr    .         Rampage  .   (no gloves)
Will     .....                  (no boots)
Stlth    +.........             (no amulet)
HPRegen  0.11/turn              g - +6 ring of intelligence
MPRegen  0.08/turn              (no ring)

@: no status effects
A: unfitting armour, cold-blooded, AC +5
a: no special abilities


You were on level 2 of the Dungeon.
You visited 1 branch of the dungeon, and saw 2 of its levels.

You collected 98 gold pieces.

Inventory:

Hand Weapons
 a - a +0 long sword (weapon)
Armour
 b - a +0 kite shield (worn)
Jewellery
 g - a +6 ring of intelligence (left hand)
Scrolls
 d - 3 scrolls of remove curse {unknown}
 e - 2 scrolls of teleportation {unknown}
 h - a scroll of enchant weapon {unknown}
Potions
 c - a potion of might
 f - a potion of lignification {unknown}
 i - 3 potions of degeneration {unknown}
 j - a potion of heal wounds {unknown}
 k - a potion of ambrosia {unknown}


   Skills:
 + Level 3.8 Fighting
 + Level 2.4 Long Blades
 + Level 3.0 Dodging
 + Level 3.4 Shields


You had 2 spell levels left.
You didn't know any spells.
Your spell library was empty.

Dungeon Overview and Level Annotations

Branches:
Dungeon (2/15)

Altars:
Makhleb


Innate Abilities, Weirdness & Mutations

Your plain brown scales are hard. (AC +5)
You cannot fit into any form of body armour.
You are cold-blooded and may be slowed by cold attacks.


Message History

You hit the orc but do no damage. The orc hits you with a +0 war axe.
You hit the orc.
The orc is moderately wounded.
You block the orc's attack.
You hit the orc.
The orc is severely wounded.
The orc hits you with a +0 war axe. You block the orc's attack.
You closely miss the orc.
The orc is severely wounded.
A goblin comes into view. It is wielding a +0 dagger.
A jackal comes into view.
The orc hits you with a +0 war axe.
The goblin moves out of view.
You completely miss the orc.
The orc is severely wounded.
The orc hits you with a +0 war axe!
* * * LOW HITPOINT WARNING * * *
You barely miss the orc.
The orc is severely wounded.
The orc hits you with a +0 war axe!
You die...

#..# .#..########
#..# 8.#
#.......... #..#
.g. #.#########
#..# #o.8
#.........# #...
..g. #...#.###.
#..#
#..##.......# #
#..#...#.#.# #
#.gg###..)#.#
###ogo@.....#
........#########
...h.'...
.....##### ?....
g... ... ...


You could see 2 orcs, a jackal (wandering), 2 hobgoblins and a goblin.

Vanquished Creatures
  A dart slug (D:1)
  2 leopard geckos
  An orc (D:2)
  4 goblins
  5 hobgoblins
  3 kobolds (D:1)
  A quokka (D:2)
  7 bats
  3 frilled lizards
  8 rats
35 creatures vanquished.

Notes
Turn   | Place    | Note
-------+----------+-------------------------------------------
     0 | D:1      | KristoblXynda the Draconian Fighter began the quest for the
                  | Orb.
     0 | D:1      | Reached XP level 1. HP: 19/19 MP: 1/1
   216 | D:1      | Reached XP level 2. HP: 26/26 MP: 2/2
   910 | D:2      | Reached XP level 3. HP: 26/33 MP: 3/3
  1037 | D:2      | Found a burning altar of Makhleb.
  1289 | D:2      | Slain by an orc

Illustrated notes

Levels and vault maps discovered:
D:1:      dpeg_arrival_lava_temple_mockup, layout_basic
D:2:      layout_basic, lemuel_round_altar, guppyfry_early_orc_mine

Skill      XL: |  1  2 |
---------------+-------+-----
Dodging        | 3 |  3.0
Fighting       | |  3.8
Long Blades    | |  2.4
Shields        | |  3.4

Action                   || total
-------------------------++-------
Melee: Long sword        ||    85
       Tailslap          ||     4
 Stab: Sleeping          ||     1
Armor: Skin              ||    33
Dodge: Dodged            ||    35
Block: Kite shield       ||    35
       Rpst.: Long sword ||    15

Table legend: (Time is in decaauts)
 A = Elapsed time spent in this place.
 B = Non-inter-level travel time spent in this place.
 C = Inter-level travel time spent in this place.
 D = Time resting spent in this place.
 E = Time spent auto-exploring this place.
 F = Levels seen in this place.
 G = Mean time per level.
                   A        B        C        D        E       F      G
               +--------+--------+--------+--------+--------+-----+--------+
         Total |   1330 |   1327 |      3 |      0 |   1013 |   2 |  665.0 |
       Dungeon |   1330 |   1327 |      3 |      0 |   1013 |   2 |  665.0 |
               +--------+--------+--------+--------+--------+-----+--------+

Top non-repeatable levels by time:
     D:1: 909 daAuts
     D:2: 421 daAuts
